 Dungeon Crawl Stone Soup version 0.18.1-50-g88ac8fd (webtiles) character file.

2227 epen the Martial Artist (level 9, -3/72 HPs)
             Began as a Merfolk Monk on Sept 15, 2016.
             Slain by an orc warrior
             ... wielding a +0 long sword
              (10 damage)
             ... on level 5 of the Dungeon.
             The game lasted 00:08:49 (6780 turns).

epen the Martial Artist (Merfolk Monk)              Turns: 6780, Time: 00:08:50

Health: -3/72      AC: 10    Str: 11    XL:     9   Next: 36%
Magic:  9/9        EV: 16    Int: 13    God:
Gold:   362        SH:  0    Dex: 16    Spells: 0 memorised, 8 levels left

rFire  . . .     SeeInvis .       - Unarmed
rCold  . . .     Gourm    .     f - +0 ring mail
rNeg   . . .     Faith    .     (no shield)
rPois  .         Spirit   .     o - +0 helmet
rElec  .         Dismiss  .     (no cloak)
rCorr  .         Reflect  .     p - +0 pair of gloves
SustAt .         Harm     .     (no boots)
MR     .....     Clarity  +     (no amulet)
Stlth  +......... Rnd*Tele +    m - +3 ring of protection
                                e - ring of teleportation (curse)

@: not resistant to hostile enchantments, very unstealthy
A: change form in water, swift swim, clarity, wild magic 1, sturdy frame 1
a: no special abilities


You were on level 5 of the Dungeon.
You were hungry.

You visited 2 branches of the dungeon, and saw 7 of its levels.

You collected 362 gold pieces.

Inventory:

Armour
 a - a +0 robe
 f - a +0 ring mail (worn)
 o - a +0 helmet (worn)
 p - a +0 pair of gloves (worn)
 z - a +1 robe of magic resistance
Jewellery
 e - a cursed ring of teleportation (left hand)
 i - an uncursed ring of magical power
 m - a +3 ring of protection (right hand)
 x - a +4 amulet of reflection {unknown}
 C - a cursed -3 ring of dexterity {unknown}
Wands
 g - a wand of flame (26/48)
 n - a wand of iceblast (4/15)
 t - a wand of digging (16/24)
 D - a wand of digging (10/24)
Scrolls
 c - 6 scrolls of identify
 k - 4 scrolls of remove curse
 r - a scroll of teleportation
 s - a scroll of fog
 v - a scroll of enchant weapon
 y - a scroll of fear
 B - a scroll of immolation {unknown}
Potions
 h - 2 potions of degeneration
 j - 3 potions of lignification
 l - 2 potions of curing
 u - a potion of ambrosia
 w - a potion of brilliance {unknown}
Comestibles
 b - 4 bread rations
 d - 2 meat rations
 q - a beef jerky


   Skills:
 + Level 7.2 Fighting
 + Level 9.2 Dodging
 - Level 2.1 Stealth
 * Level 10.3 Unarmed Combat


You had 8 spell levels left.
You didn't know any spells.

Dungeon Overview and Level Annotations

Branches:
Dungeon (6/15)             Temple (1/1) D:6

Altars:
Ashenzari
Dithmenos
Elyvilon
Fedhas
Gozag
Kikubaaqudgha
Makhleb
Nemelex Xobeh
Okawaru
Pakellas
Qazlal
Ru
Sif Muna
Trog
Vehumet
Xom
Yredelemnul
Zin
Jiyva


Innate Abilities, Weirdness & Mutations

You revert to your normal form in water.
You are very nimble and swift while swimming.
You possess an exceptional clarity of mind.
Your spells are a little harder to cast, but a little more powerful.
Your movements are slightly less encumbered by armour (ER -2).


Message History

The orc warrior barely misses you.
Mmm...
Vegetable.
You see here a tomahawk.
Items here: ))) [[ a leather armour; a club; a dagger x2; a leather armour You completely miss the orc warrior.
The orc warrior hits you with a long sword!
You punch the orc warrior!
The orc warrior is heavily wounded.
The orc warrior misses you.
You hit the orc warrior. You punch the orc warrior.
The orc warrior is almost dead.
You closely miss the orc warrior.
The orc warrior is almost dead.
The orc warrior hits you with a long sword!!
* * * LOW HITPOINT WARNING * * *
You closely miss the orc warrior.
The orc warrior is almost dead.
The orc warrior hits you with a long sword!
You die...

#..........####### #...##.
#...............####...#..
#.........##......##...'..
#..........##.....##...#..
#.........###......#...##.
#.........# ###........###
########.## ########## #
#..# #.>##..### ##@#
##.......# #o# ##.....##..
#(# ##..........
#(#####........##.
#.##...........##.
#....####.....#### ######
##.....## # #.......#
#.......#


You could see an orc warrior.

Vanquished Creatures
  Grinder (D:6)
  The ghost of jazmu the Chiller, an amateur GrIE (D:4)
  The ghost of Scuka the Changer, an amateur MfTm (D:3)
  Edmund (D:5)
  2 ice beasts
  A phantom (D:5)
  3 ogres
  A centaur (D:5)
  A giant frog (D:6)
  A scorpion (D:5)
  2 crimson imps (D:5)
  A quasit (D:6)
  A giant frog zombie (D:6)
  4 orc wizards
  3 orc priests
  2 centaur skeletons (D:5)
  3 hounds
  2 iguanas
  Terence (D:2)
  4 worker ants
  2 hound zombies (D:5)
  A worker ant zombie (D:6)
  11 adders
  2 shadow imps (D:5)
  3 oozes
  A worm (D:2)
  4 dart slugs
  6 giant geckos
  11 orcs
  5 giant cockroaches
  9 goblins
  13 hobgoblins
  8 jackals (D:2)
  5 quokkas
  5 bats
  A giant gecko skeleton (D:6)
  5 giant newts
  A jackal skeleton (D:6)
  7 kobolds
  A quokka skeleton (D:5)
  7 rats
144 creatures vanquished.

Vanquished Creatures (others)
  An orc wizard (D:5)
1 creature vanquished.

Grand Total: 145 creatures vanquished

Notes
Turn   | Place    | Note
--------------------------------------------------------------
     0 | D:1      | epen the Merfolk Monk began the quest for the Orb.
     0 | D:1      | Reached XP level 1. HP: 18/18 MP: 1/1
   109 | D:1      | Reached XP level 2. HP: 4/24 MP: 2/2
   921 | D:1      | Reached skill level 5 in Unarmed Combat
   921 | D:1      | Reached XP level 3. HP: 29/29 MP: 3/3
  1208 | D:2      | Found an oddly glowing altar of Pakellas.
  1444 | D:2      | Reached XP level 4. HP: 37/37 MP: 4/4
  1548 | D:2      | Noticed Terence
  1571 | D:2      | Killed Terence
  1571 | D:2      | Reached skill level 5 in Dodging
  1813 | D:2      | Reached XP level 5. HP: 34/42 MP: 5/5
  2162 | D:3      | Noticed Scuka's ghost (amateur MfTm)
  2536 | D:3      | Killed Scuka's ghost
  2536 | D:3      | Reached skill level 6 in Unarmed Combat
  2536 | D:3      | Reached XP level 6. HP: 22/49 MP: 6/6
  3028 | D:3      | Found a sparkling altar of Nemelex Xobeh.
  3086 | D:4      | Reached skill level 7 in Unarmed Combat
  3086 | D:4      | Reached XP level 7. HP: 42/55 MP: 7/7
  3462 | D:4      | Noticed jazmu's ghost (amateur GrIE)
  3491 | D:4      | Killed jazmu's ghost
  3491 | D:4      | Reached skill level 5 in Fighting
  3843 | D:4      | Found a shadowy altar of Dithmenos.
  4252 | D:4      | Reached skill level 8 in Unarmed Combat
  4306 | D:4      | Found a burning altar of Makhleb.
  4309 | D:4      | Reached XP level 8. HP: 63/63 MP: 8/8
  4625 | D:5      | Entered Level 5 of the Dungeon
  4883 | D:5      | Found a blossoming altar of Fedhas.
  5093 | D:5      | Noticed Edmund
  5243 | D:5      | Reached skill level 9 in Unarmed Combat
  5305 | D:5      | Found an iron altar of Okawaru.
  5343 | D:5      | Gained mutation: You possess an exceptional clarity of mind. [potion of mutation]
  5343 | D:5      | Gained mutation: Your movements are slightly less encumbered by armour (ER -2). [potion of mutation]
  5343 | D:5      | Gained mutation: Your spells are a little harder to cast, but a little more powerful. [potion of mutation]
  5417 | D:5      | Killed Edmund
  5899 | D:5      | Reached XP level 9. HP: 70/71 MP: 9/9
  6108 | D:6      | Found an opulent altar of Gozag.
  6170 | D:6      | Found an ancient bone altar of Kikubaaqudgha.
  6173 | D:6      | Found a shattered altar of Ashenzari.
  6173 | D:6      | Found a radiant altar of Vehumet.
  6242 | D:6      | Reached skill level 10 in Unarmed Combat
  6430 | D:6      | Noticed Grinder
  6446 | D:6      | Killed Grinder
  6558 | D:6      | Found a staircase to the Ecumenical Temple.
  6567 | Temple   | Entered the Ecumenical Temple
  6780 | D:5      | Slain by an orc warrior

Skill      XL: |  1  2  3  4  5  6  7  8  9 |
---------------+----------------------------+-----
Unarmed Combat | 5 6 7 8 9 10 | 10.3
Fighting       | 4 5 6 7 |  7.2
Dodging        | 5 6 7 8 9 |  9.2
Stealth        | |  2.1

Action                   |  1- 3 |  4- 6 |  7- 9 || total
-------------------------+-------+-------+-------++-------
Melee: Unarmed           |    99 |   215 |   357 ||   671
       Punch             |       |     5 |    13 ||    18
  Use: Scroll            |       |     4 |     9 ||    13
       Potion            |       |       |     4 ||     4
 Stab: Sleeping          |     3 |       |     1 ||     4
  Eat: Chunk             |     2 |     5 |     5 ||    12
       Meat ration       |       |       |     1 ||     1
       Pizza             |       |       |     1 ||     1
Armor: Robe              |     3 |       |       ||     3
       Ring mail         |    24 |    72 |    79 ||   175
Dodge: Dodged            |    50 |   142 |   206 ||   398
